cohdb
Replays
Latest Replays
All Replays
Popular Replays
Top Player Replays
Match Explorer
How It Works
Community
CoH3 Stats
Reddit
Sign in to upload your games and track your stats! →
Sign in with Steam
Match 41126393
Unlisted
Match 41126393
Overview
Messages
Build Orders
End
Construct Weapon Support Center
Scout Squad
Selects Heavy Weapons
M1919 Machine Gun Team
Bazooka Squad
Mechanized Support Center
M3 Armored Personnel Carrier
Engineer Squad
Selects Assault Carriers
Selects Exchangeable Parts
Forward Retreat Point
.30 cal Machine Gun
M3 Assault Carrier
Construct Tank Depot
Improvised Armor
M3 Assault Carrier
M1919 Machine Gun Team
M4A1 Sherman Medium Tank
M1919 Machine Gun Team
Bazooka Squad
General Kenobi
kILLA_kAN
infelix
Silber Speer
Contemptuous SUOMI DEFENDER '99
凯.
Jd577
Suzyy
0
0
Comments
sign in to comment!
No comments posted yet!